 Dungeon Crawl Stone Soup version 0.27.1-1-g398f81649c (webtiles) character file.

Game seed: 6577280569343216724

569365 ABBCCCDDDD the Wrestler (level 26, -16/198 HPs)
             Began as an Octopode Abyssal Knight on Sept 12, 2021.
             Was the Champion of Lugonu.
             Killed from afar by a storm dragon (40 damage)
             ... with a bolt of lightning
             ... on level 5 of the Depths.
             The game lasted 02:25:57 (70638 turns).

ABBCCCDDDD the Wrestler (Octopode Abyssal Knight)  Turns: 70638, Time: 02:25:58

Health: -16/198    AC:  5    Str: 17    XL:     26   Next: 91%
Magic:  7/39       EV: 19    Int: 29    God:    Lugonu [******]
Gold:   5417       SH: 20    Dex: 14    Spells: 27/49 levels left

rFire    + . .     SeeInvis +     - Unarmed
rCold    + + .     Faith    .   m - +2 kite shield {rC+}
rNeg     + . .     Spirit   .   f - +0 hat "Tosm" {rPois rN+}
rPois    +         Reflect  +   Q - amulet of reflection
rElec    .         Harm     .   X - +4 ring of protection
rCorr    +         Rampage  .   x - +6 ring of intelligence
Will     +++..     Clarity  +   E - ring of see invisible
Stlth    ++++++....             V - ring of Finality {Fly rCorr EV+4}
HPRegen  0.43/turn              S - ring of protection from cold
MPRegen  0.26/turn              B - ring of wizardry
                                W - ring of protection from fire
                                H - ring "Bidiycs" {Will++ rCorr Dex+3 Stlth+}

@: about to teleport, flying, studying 2 skills
A: almost no armour, amphibious, 8 rings, camouflage 1, gelatinous body 1,
(nimble swimmer 1), tentacles, clarity, strong 1, MP-powered wands
}: 3/15 runes: decaying, serpentine, abyssal
a: Renounce Religion, Depart the Abyss, Bend Space, Banish, Corrupt, Enter the
Abyss, Brand Weapon With Distortion


You were on level 5 of the Depths.
You worshipped Lugonu.
Lugonu was exalted by your worship.
You visited 9 branches of the dungeon, and saw 44 of its levels.
You visited the Abyss 3 times.
You visited 2 bazaars.
You also visited: Ice Cave.

You collected 8453 gold pieces.
You spent 3036 gold pieces at shops.

Inventory:

Missiles
 c - 4 throwing nets (quivered)
Armour
 f - the +0 hat "Tosm" (worn) {rPois rN+}
   (You acquired it on level 3 of the Depths)

   rPois:     It protects you from poison.
   rN:        It protects you from negative energy.
 m - a +2 kite shield of cold resistance (worn)
 T - a +1 tower shield of protection
Jewellery
 x - a +6 ring of intelligence (right tentacle)
 B - a ring of wizardry (on tentacle)
 E - a ring of see invisible (on tentacle)
 H - the ring "Bidiycs" (on tentacle) {Will++ rCorr Dex+3 Stlth+}
   (You bought it in a shop on level 1 of the Depths)

   [ring of resist corrosion]

   Dex:       It affects your dexterity (+3).
   rCorr:     It protects you from acid and corrosion.
   Will:      It greatly increases your willpower.
   Stlth:     It makes you more stealthy.
 K - an amulet of regeneration
 Q - an amulet of reflection (around mantle)
 S - a ring of protection from cold (on tentacle)
 V - the ring of Finality (on tentacle) {Fly rCorr EV+4}
   (You bought it in a shop in a bazaar)

   [ring of evasion]

   EV:        It affects your evasion (+4).
   Fly:       It grants you flight.
   rCorr:     It protects you from acid and corrosion.
 W - a ring of protection from fire (on tentacle)
 X - a +4 ring of protection (left tentacle)
Wands
 b - a wand of acid (5)
 s - a wand of flame (119)
 t - a wand of iceblast (40)
 D - a wand of digging (2)
 G - a wand of mindburst (33)
 I - a wand of charming (19)
 Z - a wand of paralysis (20)
Scrolls
 a - 3 scrolls of holy word
 h - 4 scrolls of teleportation
 i - 5 scrolls of magic mapping
 k - a scroll of silence
 l - 3 scrolls of brand weapon
 q - 4 scrolls of fear
 w - 2 scrolls of summoning
 y - 3 scrolls of fog
 A - 10 scrolls of enchant armour
 N - 3 scrolls of blinking
 O - 5 scrolls of immolation
 P - 6 scrolls of vulnerability
 U - 3 scrolls of identify
Potions
 d - 6 potions of mutation
 e - 4 potions of lignification
 g - 14 potions of curing
 j - 5 potions of brilliance
 n - 6 potions of heal wounds
 o - 3 potions of cancellation
 p - 2 potions of magic
 u - 4 potions of berserk rage
 v - 13 potions of flight
 z - 16 potions of ambrosia
 C - 11 potions of might
 F - 6 potions of haste
 J - 2 potions of invisibility
 M - 3 potions of resistance
Miscellaneous
 r - a lightning rod (4/4)
 L - a phantom mirror
 R - a condenser vane
 Y - a phial of floods


   Skills:
 + Level 20.9 Fighting
 - Level 5.0 Throwing
 - Level 6.3 Dodging
 - Level 9.0 Stealth
 - Level 15.0 Shields
 + Level 23.7 Unarmed Combat
 - Level 12.0 Spellcasting
 - Level 11.0 Transmutations
 - Level 15.0 Ice Magic
 - Level 11.0 Earth Magic
 - Level 9.0 Invocations
 - Level 5.0 Evocations


You had 27 spell levels left.
You knew the following spells:

 Your Spells              Type           Power      Damage    Failure   Level
a - Blade Hands           Tmut           34%        N/A       1%          5
b - Statue Form           Tmut/Erth      46%        N/A       1%          6
c - Petrify               Tmut/Erth      69%        N/A       1%          4
d - Ozocubu's Refrigerat  Ice            40%        4d13      2%          7

Your spell library contained the following spells:

 Spells                   Type           Power      Damage    Failure   Level
 Animate Skeleton         Necr           34%        N/A       1%          1
 Apportation              Tloc           34%        N/A       1%          1
 Corona                   Hex            18%        N/A       1%          1
 Pain                     Necr           68%        1d7       1%          1
 Sandblast                Erth           100%       2d20      1%          1
 Summon Small Mammal      Summ           68%        N/A       1%          1
 Blink                    Tloc           N/A        N/A       1%          2
 Corpse Rot               Necr/Air       N/A        N/A       1%          2
 Passwall                 Tmut/Erth      57%        N/A       1%          2
 Slow                     Hex            17%        N/A       1%          2
 Static Discharge         Conj/Air       17%        N/A       1%          2
 Ignite Poison            Fire/Tmut/Pois 38%        N/A       1%          3
 Lee's Rapid Deconstruct  Erth           34%        3d18*     1%          5
 Metabolic Englaciation   Hex/Ice        28%        N/A       1%          5
 Confusing Touch          Hex            17%        N/A       3%          3
 Conjure Flame            Conj/Fire      17%        6-21      3%          3
 Dazzling Flash           Conj/Hex       34%        N/A       3%          3
 Gell's Gravitas          Tloc           8%         N/A       3%          3
 Inner Flame              Hex/Fire       17%        N/A       3%          3
 Lesser Beckoning         Tloc           8%         N/A       3%          3
 Portal Projectile        Hex/Tloc       34%        N/A       3%          3
 Teleport Other           Tloc           17%        N/A       3%          3
 Vampiric Draining        Necr           8%         2d7       3%          3
 Alistair's Intoxication  Tmut/Pois      32%        N/A       3%          5
 Irradiate                Conj/Tmut      24%        3d22      3%          5
 Cause Fear               Hex            8%         N/A       12%         4
 Dispel Undead            Necr           17%        3d10      12%         4
 Fulminant Prism          Conj/Hex       8%         3d7       12%         4
 Iskenderun's Mystic Bla  Conj/Tloc      17%        2d5       12%         4
 Olgreb's Toxic Radiance  Pois           17%        N/A       12%         4
 Passage of Golubria      Tloc           N/A        N/A       12%         4
 Sticky Flame             Conj/Fire      17%        2d4       12%         4
 Dragon Form              Tmut           34%        N/A       12%         7
 Iron Shot                Conj/Erth      24%        9d5       19%         6
 Agony                    Necr           17%        N/A       32%         5
 Excruciating Wounds      Necr           8%         N/A       32%         5
 Lightning Bolt           Conj/Air       8%         1d21      32%         5
 Manifold Assault         Tloc           17%        N/A       32%         5
 Silence                  Hex/Air        8%         N/A       32%         5
 Death Channel            Necr           8%         N/A       86%         6
 Invisibility             Hex            8%         N/A       86%         6
 Borgnjor's Revivificati  Necr           8%         N/A       100%        8
 Discord                  Hex            8%         N/A       100%        8
 Ignition                 Fire           8%         3d5       100%        8
 Lehudib's Crystal Spear  Conj/Erth      24%        10d7      100%        8
 Maxwell's Capacitive Co  Air            8%         ∞         100%        8
 Necromutation            Tmut/Necr      24%        N/A       100%        8
 Death's Door             Necr           8%         N/A       100%        9
 Animate Armour           Summ/Erth      Unusable   N/A       N/A         4

Dungeon Overview and Level Annotations

Branches:
Dungeon (15/15)            Temple (0/1) D:5            Lair (6/6) D:8
  Swamp (4/4) Lair:2        Snake (4/4) Lair:3        Slime (0/5) Lair:6
    Orc (2/2) D:12            Elf (3/3) Orc:2        Vaults (4/5) D:14
  Crypt (1/3) Vaults:2     Depths (5/5) D:15          IceCv (visited)
    Zot: Depths:5

Altars:
Ashenzari
Dithmenos
Gozag
Kikubaaqudgha
Qazlal
Vehumet
Beogh
Jiyva

Shops:
D:1 *   D:4 (   D:10 *   D:11 ?   D:15 [   Orc:1 *   Orc:2 *(?*   Elf:3 =
Snake:3 (*   Vaults:1 !   Vaults:2 ?   Depths:1 :=:

Portals:
Hell: Depths:1 Depths:2 Depths:3 Depths:4
Abyss: Depths:4
Pandemonium: Depths:2 Depths:3
Ziggurat: Depths:2

Annotations:
D:2 1 runed translucent door, Crazy Yiuf
D:8 exclusion: downstairs
D:9 exclusion: downstairs
Lair:4 exclusion: downstairs
Swamp:1 2 transporters
Elf:2 3 runed translucent doors
Depths:1 3 runed translucent doors, Polaczum's ghost, adept TrMo
Abyss:1 Snorg


Innate Abilities, Weirdness & Mutations

You cannot wear most types of armour.
You are amphibious.
You can wear up to eight rings at the same time.
Your skin changes colour to match your surroundings (Stealth+).
Your rubbery body absorbs attacks. (AC +1, EV +1)
((You are camouflaged near water. (Stealth+)))
You have tentacles for arms and can constrict up to eight enemies at once.
You possess an exceptional clarity of mind.
Your muscles are strong. (Str +2)
You expend magic power (3 MP) to strengthen your wands.


Message History

The red draconian is severely wounded.
You constrict the red draconian. You block the red draconian's attack.
The red draconian completely misses you.
You bludgeon the red draconian!
Your tentacle-slap misses the red draconian.
Your squeeze misses the red draconian.
The red draconian is almost dead.
You constrict the red draconian.
The red draconian hits you but does no damage.
You bludgeon the red draconian!
The red draconian is almost dead.
You constrict the red draconian. You block the red draconian's attack.
You tentacle-slap the red draconian.
You kill the red draconian!
Lugonu accepts your kill. You block the red draconian's attack.
The purple draconian breathes dispelling energy at you.
The bolt of dispelling energy hits you!
Your magical effects are unravelling.
* * * LOW HITPOINT WARNING * * *
You revert to your normal fleshy form.
You block the red draconian's attack.
You block the purple draconian's attack.
Items here: )) ††.
Casting: Statue Form (mildly dangerous; 1% risk of failure)
Confirm with . or Enter, or press ? or * to list all spells.
You turn into a living statue of rough stone.
You block the red draconian's attack.
You block the purple draconian's attack.
The purple draconian breathes dispelling energy at you.
The bolt of dispelling energy hits you!!
Your magical effects are unravelling.
* * * LOW HITPOINT WARNING * * *
As you read the scroll of teleportation, it crumbles to dust.
You feel strangely unstable.
You revert to your normal fleshy form.
The storm dragon roars deafeningly!
You hear a roar!
The storm dragon breathes lightning at you.
The bolt of lightning hits you!!!
You die...

##...# #.[.###........# ..
##....## ##.[.†......##'## ..
#...§..#+#.......)........ .≈
#........§§..)).......#.#
#.#.≈≈§≈.≈≈≈≈.#.......#
#.#≈####§####§#.......# #.### ###
#####.....#
#.#########.#####.##.)# ##
##..............@d.###)#########.
.........§....§..................
..§§≈≈§≈§§§§≈≈§§≈§≈§≈.)..≈≈≈≈≈≈≈≈
..≈≈≈≈≈≈≈§§≈≈≈§§§≈§D§..)[≈§≈§§≈≈≈
..≈≈#####§≈§≈≈§§§§§≈≈.§..≈§≈≈≈≈≈≈
..≈≈# dd#.§...........§..........
..≈≈# d#############§'''########
..≈§### # #....# ).≈≈≈.# #....#


You could see a storm dragon (catching breath) and a purple draconian.

Levels and vault maps discovered:
D:1:      eino_arrival_tree_alley, layout_basic, serial_shops, shop
D:2:      cheibrodos_greedy_goblins, layout_basic, basic_altar,
          uniq_crazy_yiuf_cottage
D:3:      layout_basic, saegor_snake_ambush, uniq_sigmund, uniq_ijyb, uniq_robin
D:4:      minmay_goblin_kobold_castle, layout_cave_pools, serial_shops, shop
D:5:      layout_loops_ring, minmay_temple_entry_glassed_door
D:6:      layout_rooms, uniq_duvessa, uniq_edmund
D:7:      erik_cavepeople, layout_basic, patterned_corridor
D:8:      layout_basic, lair_entry_dummy
D:9:      layout_roguey, minivault_23, minmay_statue_bubble
D:10:     layout_basic, nicolae_gozag_zags_fifth_avenue, grunt_decor_resistance,
          evilmike_butchery, uniq_snorg
D:11:     nzn_winding_woodlands_huge [nzn_winding_woodlands_5x15_parted,
          nzn_winding_woodlands_5x15_pool, nzn_winding_woodlands_5x15_garden,
          nzn_winding_woodlands_5x15_lazy_stream,
          nzn_winding_woodlands_5x15_twine,
          nzn_winding_woodlands_5x15_longhouse,
          nzn_winding_woodlands_5x15_jagged, nzn_winding_woodlands_5x15_cabin,
          nzn_winding_woodlands_5x15_pockets,
          nzn_winding_woodlands_5x15_river_crossing,
          nzn_winding_woodlands_center_lodge,
          nzn_winding_woodlands_center_garden,
          nzn_winding_woodlands_15x15_five_gardens], layout_basic, serial_shops,
          nicolae_take_the_stairs, uniq_maurice
D:12:     layout_basic, erik_orc_1, serial_shops, bzr_in_the_mist
D:13:     layout_loops_cross, minmay_starry_boxes
D:14:     minmay_the_grid_square_5x5_5x5_mashed
          [minmay_the_grid_square_5x5_hollow_slash,
          minmay_the_grid_square_5x5_corner, minmay_the_grid_square_5x5_minimal,
          minmay_the_grid_square_5x5_tetrominoes,
          minmay_the_grid_square_5x5_inner_z, minmay_the_grid_square_5x5_v,
          minmay_the_grid_square_5x5_prize_gold,
          minmay_the_grid_square_5x5_bridge,
          minmay_the_grid_square_5x5_prize_deathbox,
          minmay_the_grid_square_5x5_six_small, minmay_the_grid_square_5x5_z,
          minmay_the_grid_square_5x5_trominoes,
          minmay_the_grid_square_5x5_prize_junk,
          minmay_the_grid_square_5x5_longway, minmay_the_grid_square_5x5_empty,
          minmay_the_grid_square_5x5_two_walls_a,
          minmay_the_grid_square_5x5_prize_open,
          minmay_the_grid_square_5x5_comb,
          minmay_the_grid_square_5x5_prize_snowflake,
          minmay_the_grid_square_5x5_intrusive_squares,
          minmay_the_grid_square_5x5_spiral, minmay_the_grid_square_5x5_inner_i,
          minmay_the_grid_square_5x5_inset,
          minmay_the_grid_square_5x5_half_checkered,
          minmay_the_grid_square_5x5_slash], layout_irregular_city,
          grunt_vaults_entry_tiered
D:15:     hangedman_depths_entry_try_elsewhere_first, layout_basic,
          old_standard_altar, serial_shops, shop, uniq_kirke
Lair:1:   layout_roguey, special_room [special_room_bee],
          infiniplex_staircase_pool, serial_bayou_shore_a
Lair:2:   layout_regular_city, swamp_mist, gammafunk_ghost_icy
Lair:3:   layout_chaotic_city, guppyfry_snake_entry_island,
          gauntlet_entry_generic, infiniplex_staircase_pool_2
Lair:4:   lemuel_reptile_caves, layout_layer_cave, pond,
          minmay_lair_oklob_chamber, lemuel_fruit_fields
Lair:5:   layout_hall_layers, st_stairs_5
Lair:6:   minmay_lair_end_enchanted_forest, layout_concentric_octagons,
          slime_altar_2, special_room [special_room_mythical_zoo]
Swamp:1:  gammafunk_worm_tunnel, layout_basic_swamp,
          evilmike_swamp_ruin_house_5, swamp_pool4, hangedman_swamp_dais
Swamp:2:  layout_basic_swamp, nicolae_swamp_long_stream
Swamp:3:  layout_falls_marsh, hangedman_swamp_diagram
Swamp:4:  nzn_swamp_witches_coven, layout_basic_swamp
Snake:1:  layout_layer_cave, serial_bayou_shore_b
Snake:2:  layout_rooms
Snake:3:  layout_grid_maze, nicolae_shop_sticking_my_neck_out,
          grunt_megastairs_5, minmay_shop_star, uniq_vashnia
Snake:4:  johnstein_snake_rune_scales, layout_misc_corridors,
          portal_ice_cave_entry_pillars_1, grunt_megastairs_4, uniq_aizul,
          uniq_louise
Orc:1:    layout_caves, serial_shops, shop, rock_pile, uniq_josephine
Orc:2:    st_orc_town, layout_diamond_mine, basic_altar, serial_shops,
          freezing_bzr, nicolae_orc_lava_room
Elf:1:    layout_gridlike, minivault_28
Elf:2:    nicolae_elf_blades_splatter_lattice
          [nicolae_blade_entry_hurt_lockers], layout_loops_ring,
          lemuel_upstairs_altar
Elf:3:    minmay_elf_hall_hex, layout_loops_corners, serial_shops,
          nicolae_square_shop, uniq_donald
Vaults:1: nicolae_vaults_little_squares_6, grunt_vaults_funnel,
          nicolae_vaults_border_crossing, hangedman_vaults_restitches,
          v_alt_pattern_1, nicolae_vaults_angled_halls, vaults_room_grid,
          special_room_vaults [special_room_orc], ontoclasm_vaults_eye,
          vaults_mumra_minichess, nicolae_vaults_ninety_degrees,
          layout_vaults_big_cross, serial_shops, nicolae_shop_window_shopping
Vaults:2: ontoclasm_vaults_fault, minmay_crypt_entry_simple_sparse, st_cells,
          hangedman_vaults_impose, nicolae_vaults_what_the_h,
          vaults_room_semicircle, ontoclasm_vaults_gateway,
          hangedman_vaults_cutoff, layout_vaults_omnigrid, serial_shops,
          nicolae_shop_stone
Vaults:3: v_misc_13, st_diamondy, vaults_dpeg_doors,
          hangedman_vaults_restitches, ontoclasm_vaults_ring_square,
          hangedman_vaults_stream, nicolae_vaults_alarming, v_misc_17,
          hangedman_vaults_capsules, nicolae_vaults_asterisk, layout_vaults_ring
Vaults:4: gammafunk_vaults_ghost_crypt, nicolae_vaults_good_morning_starshine,
          v_misc_26, nicolae_vaults_puzzle_piece, hangedman_vaults_unwind,
          nicolae_vaults_theta, nicolae_vaults_little_squares_6,
          vaults_room_pools, hangedman_vaults_river_flow, vaults_room_octagon,
          hangedman_vaults_maws, hangedman_vaults_stagger,
          nicolae_vaults_little_ls, vaults_room_pools, layout_vaults_maze_bifur,
          infiniplex_enter_wizlab_glasses, uniq_mara
Crypt:1:  layout_catacombs, amcnicky_mini_corridor_feature, uniq_margery
Depths:1: layout_gridlike, hell_entry, gammafunk_ghost_necromancy,
          nicolae_qazlal_scattered_showers, minmay_multi_spiral,
          minmay_shop_grove, serial_bayou_shore_b, serial_bayou_shore_b
Depths:2: kennysheep_blocky_hall, layout_cave_pools, enter_ziggurat_d,
          hex_medium, pan_entry, hell_entry, kennysheep_generic_room_11
Depths:3: minmay_curly_fans, layout_gridlike, grunt_mini_vestibule,
          minmay_misc_feat_encased, rand_demon_pan_entry_7,
          infiniplex_staircase_pillars_1
Depths:4: minmay_thinvault, layout_gridlike, hell_entry, minmay_misc_feat_roman,
          abyss_entry_crystal, minmay_misc_feat_more_columns,
          infiniplex_staircase_river
Depths:5: lemuel_castle_with_subvaults [lemuel_castle_interior_carwin_3],
          layout_basic, nrook_mini_vaults, hangedman_geh_valley,
          lemuel_statue_altar, nicolae_water_bricks

Notes
Turn   | Place    | Note
-------+----------+-------------------------------------------
     0 | Abyss:1  | ABBCCCDDDD the Octopode Abyssal Knight began the quest for
                  | the Orb.
     0 | Abyss:1  | Reached XP level 1. HP: 16/16 MP: 2/2
    74 | Abyss:1  | Noticed a tentacled starspawn
    74 | Abyss:1  | Noticed a small abomination
    88 | Abyss:1  | Noticed a worldbinder
   137 | Abyss:2  | Noticed a small abomination
   155 | Abyss:2  | Noticed a large abomination
   157 | D:1      | Escaped the Abyss
   331 | D:1      | Reached * piety under Lugonu
   332 | D:1      | Reached XP level 2. HP: 21/21 MP: 3/3
   753 | D:1      | Found Fowonol's Assorted Antiques.
  1020 | D:2      | Reached XP level 3. HP: 27/27 MP: 4/4
  1245 | D:2      | Found a runed translucent door.
  1246 | D:2      | Noticed Crazy Yiuf
  1327 | D:2      | Found a shadowy altar of Dithmenos.
  1355 | D:2      | Reached XP level 4. HP: 33/33 MP: 5/5
  1567 | D:2      | Reached ** piety under Lugonu
  1584 | D:2      | Reached skill level 3 in Unarmed Combat
  2180 | D:3      | Noticed Ijyb
  2300 | D:3      | Noticed Sigmund
  2716 | D:3      | Reached XP level 5. HP: 33/38 MP: 6/6
  2965 | D:4      | Reached skill level 5 in Fighting
  3036 | D:4      | Found Nobb's Weapon Shop.
  3080 | D:4      | Gained mutation: You possess an exceptional clarity of
                  | mind. [potion of mutation]
  3080 | D:4      | Gained mutation: You expend magic power (3 MP) to
                  | strengthen your wands. [potion of mutation]
  3080 | D:4      | Gained mutation: Your muscles are strong. (Str +2) [potion
                  | of mutation]
  3083 | D:4      | Reached skill level 1 in Spellcasting
  3083 | D:4      | Reached XP level 6. HP: 9/45 MP: 7/7
  3322 | D:4      | Reached skill level 4 in Unarmed Combat
  3396 | D:4      | Learned a level 5 spell: Blade Hands
  3426 | D:4      | Reached *** piety under Lugonu
  3503 | D:4      | Reached XP level 7. HP: 53/53 MP: 8/8
  3712 | D:4      | Reached **** piety under Lugonu
  4113 | D:4      | Reached skill level 1 in Transmutations
  4243 | D:5      | Entered Level 5 of the Dungeon
  4311 | D:5      | Noticed a two-headed ogre
  4495 | D:5      | Noticed a hornet
  4602 | D:5      | Reached skill level 5 in Unarmed Combat
  4602 | D:5      | Reached XP level 8. HP: 60/60 MP: 11/11
  4762 | D:5      | Found a staircase to the Ecumenical Temple.
  4763 | D:5      | Noticed a two-headed ogre
  5068 | D:1      | Bought a potion of lignification for 81 gold pieces
  5068 | D:1      | Bought a scroll of teleportation for 81 gold pieces
  5068 | D:1      | Bought a grey potion for 24 gold pieces
  5068 | D:1      | Bought a scroll labelled NUCIERHYMIA for 27 gold pieces
  5068 | D:1      | Bought a viscous puce potion for 24 gold pieces
  5068 | D:1      | Bought a scroll labelled DOIT UMUSMUEV for 27 gold pieces
  5504 | D:3      | Noticed Robin
  5508 | D:3      | Killed Robin
  5663 | D:3      | Killed Sigmund
  5869 | D:5      | Killed a hornet
  6430 | D:4      | Reached skill level 6 in Unarmed Combat
  6430 | D:4      | Reached XP level 9. HP: 66/66 MP: 13/13
  6560 | D:6      | Noticed Duvessa
  6826 | D:6      | Noticed Edmund
  7105 | D:7      | Reached skill level 5 in Transmutations
  7105 | D:7      | Reached skill level 5 in Invocations
  7114 | D:7      | Reached skill level 7 in Unarmed Combat
  7229 | D:6      | Noticed Dowan
  7247 | D:6      | Killed Duvessa
  7248 | D:6      | Reached skill level 8 in Unarmed Combat
  7251 | D:6      | Killed Dowan
  7335 | D:6      | Reached XP level 10. HP: 67/72 MP: 14/14
  7393 | D:6      | Reached skill level 1 in Stealth
  7690 | D:7      | Noticed a cyclops
  7888 | D:7      | Reached ***** piety under Lugonu
  8368 | D:7      | Found the +0 pair of fencer's gloves {Riposte Dex+3}
  8844 | D:8      | Reached skill level 9 in Unarmed Combat
  9017 | D:8      | Found a staircase to the Lair.
  9865 | D:9      | Noticed an orange crystal statue
 10302 | D:10     | Entered Level 10 of the Dungeon
 10302 | D:10     | Noticed a two-headed ogre
 10335 | D:10     | Noticed Snorg
 10348 | D:9      | Reached skill level 5 in Stealth
 10727 | D:10     | Banished Snorg
 10819 | D:10     | Found an opulent altar of Gozag.
 10819 | D:10     | Found Gozag's Platinum Reserve.
 10832 | D:10     | Reached XP level 11. HP: 65/77 MP: 16/16
 11291 | D:10     | Killed a two-headed ogre
 11611 | D:11     | Found Lumoim's Magic Scroll Boutique.
 12011 | D:11     | Noticed Maurice
 12023 | D:11     | Killed Maurice
 12127 | D:11     | Noticed a two-headed ogre
 12159 | D:11     | Killed a two-headed ogre
 12278 | D:11     | Noticed a two-headed ogre
 12331 | D:11     | Killed a two-headed ogre
 12889 | D:11     | Noticed a six-headed hydra
 13003 | Lair:1   | Entered Level 1 of the Lair of Beasts
 13039 | Lair:1   | Reached skill level 1 in Evocations
 13074 | Lair:1   | Reached skill level 1 in Throwing
 13301 | Lair:1   | Reached XP level 12. HP: 74/84 MP: 8/18
 13620 | Lair:2   | Noticed a four-headed hydra
 13621 | Lair:2   | Banished a four-headed hydra
 13701 | Lair:2   | Found a runed translucent gate.
 13711 | Lair:2   | Found a runed translucent gate.
 13712 | Lair:2   | Found a runed translucent gate.
 13742 | Lair:2   | Reached skill level 5 in Spellcasting
 13889 | Lair:2   | Noticed hurston's ghost (journeyman GrFi)
 13899 | Lair:2   | Found a staircase to the Swamp.
 14447 | Lair:3   | Noticed a five-headed hydra
 14452 | Lair:3   | Banished a five-headed hydra
 14603 | Lair:3   | Found a staircase to the Snake Pit.
 14666 | Lair:3   | Found a gate leading to a gauntlet.
 14794 | Lair:3   | Noticed a catoblepas
 14870 | Lair:3   | Identified the +9 broad axe of the Valley of Death {freeze,
                  | Dex+4}
 15486 | Lair:3   | Reached skill level 5 in Evocations
 15495 | Lair:3   | Reached skill level 5 in Throwing
 15616 | Lair:4   | Reached skill level 10 in Unarmed Combat
 15893 | Lair:4   | Reached XP level 13. HP: 88/92 MP: 14/20
 16234 | Lair:4   | Reached skill level 10 in Fighting
 16290 | Lair:4   | Reached skill level 11 in Unarmed Combat
 16714 | Lair:4   | Reached skill level 12 in Unarmed Combat
 17939 | D:3      | Killed Ijyb
 18055 | D:6      | Killed Edmund
 19541 | D:11     | Reached XP level 14. HP: 62/101 MP: 7/24
 19668 | D:11     | Reached skill level 13 in Unarmed Combat
 20352 | D:11     | Noticed a war gargoyle
 20822 | D:12     | Found a flickering gateway to a bazaar.
 20829 | Bazaar   | Entered a bazaar
 20829 | Bazaar   | Found Urghiahaz's Antique Weapon Boutique.
 20835 | Bazaar   | Found Plog's Magic Scroll Shoppe.
 20844 | Bazaar   | Found Cywoebig's Jewellery Boutique.
 20855 | Bazaar   | Found Wokhorou's Jewellery Shop.
 20924 | Bazaar   | Bought a scroll of identify for 22 gold pieces
 20924 | Bazaar   | Bought a scroll of fog for 22 gold pieces
 20924 | Bazaar   | Bought a scroll of identify for 22 gold pieces
 20924 | Bazaar   | Bought a scroll of identify for 22 gold pieces
 20924 | Bazaar   | Bought a scroll of teleportation for 33 gold pieces
 20924 | Bazaar   | Bought a scroll of summoning for 104 gold pieces
 20938 | Bazaar   | Bought the ring of Finality {Fly rCorr EV+4} for 456 gold
                  | pieces
 20938 | Bazaar   | Bought a ring of poison resistance for 180 gold pieces
 21284 | D:12     | Found a staircase to the Orcish Mines.
 21767 | D:12     | Reached skill level 1 in Shields
 23774 | Lair:5   | Reached skill level 14 in Unarmed Combat
 23796 | Lair:5   | Reached skill level 5 in Shields
 24539 | Lair:5   | Reached XP level 15. HP: 103/108 MP: 22/25
 24957 | Lair:6   | Entered Level 6 of the Lair of Beasts
 24963 | Lair:6   | Found a runed translucent door.
 24963 | Lair:6   | Found a viscous altar of Jiyva.
 25054 | Lair:6   | Found a staircase to the Slime Pits.
 25619 | Lair:6   | Reached ****** piety under Lugonu
 26159 | Lair:6   | Reached skill level 10 in Shields
 26159 | Lair:6   | Reached skill level 15 in Unarmed Combat
 26675 | Lair:6   | Learned a level 6 spell: Statue Form
 27365 | D:11     | Reached skill level 1 in Earth Magic
 27432 | Orc:1    | Entered Level 1 of the Orcish Mines
 27533 | Orc:1    | Noticed Josephine
 27608 | D:12     | Killed Josephine
 28038 | Orc:2    | Entered Level 2 of the Orcish Mines
 28154 | Orc:2    | Found a flickering gateway to a bazaar.
 28182 | Bazaar   | Entered a bazaar
 28214 | Bazaar   | Found Etobbait's Weapon Boutique.
 28218 | Bazaar   | Found Hytedik's Weapon Boutique.
 28218 | Bazaar   | Found Nuafowag's Distillery.
 28219 | Bazaar   | Found Voenetaha's Weapon Boutique.
 28249 | Bazaar   | Bought a potion of attraction for 27 gold pieces
 28249 | Bazaar   | Bought 2 potions of might for 72 gold pieces
 28249 | Bazaar   | Bought a potion of haste for 90 gold pieces
 28249 | Bazaar   | Bought a potion of haste for 90 gold pieces
 28249 | Bazaar   | Bought a potion of heal wounds for 45 gold pieces
 28249 | Bazaar   | Bought a potion of heal wounds for 45 gold pieces
 28249 | Bazaar   | Bought a potion of flight for 27 gold pieces
 28556 | Orc:2    | Found Kamnog's Assorted Antiques.
 28556 | Orc:2    | Found Vixkuennen's Magic Scroll Emporium.
 28573 | Orc:2    | Reached skill level 5 in Earth Magic
 28584 | Orc:2    | Reached XP level 16. HP: 114/114 MP: 23/26
 28694 | Orc:2    | Found a staircase to the Elven Halls.
 28863 | Orc:2    | Found Mymemeof's General Store.
 28891 | Orc:2    | Found Plog's Weapon Shop.
 28933 | Orc:2    | Bought a scroll of identify for 28 gold pieces
 28933 | Orc:2    | Bought a scroll of identify for 28 gold pieces
 29311 | Orc:1    | Found Wyem's Assorted Antiques.
 30278 | D:14     | Learned a level 4 spell: Petrify
 30308 | D:14     | Reached skill level 10 in Transmutations
 30469 | D:14     | Reached skill level 10 in Earth Magic
 30502 | D:14     | Identified a scroll of acquirement
 30511 | D:14     | Acquired a +1 tower shield of protection
 30536 | D:14     | Identified the +2 robe "Cuss" {*Corrode Regen+ Dex+3}
 31123 | Snake:1  | Entered Level 1 of the Snake Pit
 31845 | Snake:1  | Reached XP level 17. HP: 121/121 MP: 24/27
 32005 | Snake:1  | Learned a level 7 spell: Ozocubu's Refrigeration
 32437 | Snake:2  | Reached skill level 1 in Ice Magic
 32930 | Snake:2  | You are sucked into a shaft and drop 1 floor!
 32930 | Snake:3  | Noticed Vashnia
 34098 | Snake:3  | Found Vurr's Antique Weapon Shoppe.
 34159 | Snake:3  | Found Joggoip's Neck Hole.
 34615 | Snake:3  | Killed Vashnia
 34934 | Snake:4  | Entered Level 4 of the Snake Pit
 34934 | Snake:4  | Noticed Louise
 34943 | Snake:4  | Killed Louise
 35489 | Snake:4  | Found a frozen archway.
 35500 | IceCv    | Entered an ice cave
 35521 | IceCv    | Reached skill level 5 in Ice Magic
 36300 | IceCv    | Reached XP level 18. HP: 80/129 MP: 23/28
 36493 | IceCv    | Noticed a shard shrike
 36502 | IceCv    | Killed a shard shrike
 37234 | Snake:4  | Noticed Aizul
 37250 | Snake:4  | Killed Aizul
 38675 | Snake:4  | Reached skill level 15 in Shields
 39931 | Snake:4  | Reached skill level 10 in Ice Magic
 40114 | Snake:4  | Got a serpentine rune of Zot
 40359 | Swamp:1  | Entered Level 1 of the Swamp
 40414 | Swamp:1  | Reached XP level 19. HP: 136/136 MP: 29/29
 40588 | Swamp:1  | Found a transporter.
 40680 | Swamp:1  | Found a transporter.
 41301 | Swamp:1  | Identified the +8 quarterstaff "Grom" {vorpal, rN+ Int+3}
 41528 | Lair:2   | Killed hurston's ghost
 41559 | Lair:2   | Got the ring "Uraref" {Fire Dex+4}
 43622 | Swamp:4  | Entered Level 4 of the Swamp
 45525 | Swamp:4  | Paralysed by an ogre mage for 7 turns
 45631 | Swamp:4  | Paralysed by a fenstrider witch for 6 turns
 45888 | Swamp:4  | Reached XP level 20. HP: 126/143 MP: 30/30
 46182 | Swamp:4  | Got a decaying rune of Zot
 46918 | Lair:4   | Identified the ring "Cima" {rElec rCorr Int-2 SInv Stlth+}
 47842 | D:14     | Reached skill level 15 in Ice Magic
 48452 | D:14     | Found a gate to the Vaults.
 48521 | D:15     | Entered Level 15 of the Dungeon
 48650 | D:15     | Noticed Kirke
 48658 | D:15     | Killed Kirke
 49010 | D:15     | Found a staircase to the Depths.
 49184 | D:15     | Found a radiant altar of Vehumet.
 49272 | D:15     | Found Disun's Armour Emporium.
 49530 | Elf:1    | Entered Level 1 of the Elven Halls
 50226 | Elf:1    | Reached skill level 16 in Unarmed Combat
 50584 | Elf:1    | Reached skill level 15 in Fighting
 51098 | Elf:2    | Cast into level 3 of the Abyss (a deep elf sorcerer)
 51210 | Abyss:3  | Noticed a profane servitor
 51222 | Abyss:3  | Killed a profane servitor
 51233 | Abyss:3  | Got an abyssal rune of Zot
 51465 | Abyss:3  | Reached XP level 21. HP: 151/151 MP: 31/31
 51619 | Elf:2    | Escaped the Abyss
 52035 | Elf:2    | Reached skill level 17 in Unarmed Combat
 52060 | Elf:2    | Paralysed by an air elemental for 1 turns
 52062 | Elf:2    | Paralysed by an air elemental for 1 turns
 52115 | Elf:2    | Found a runed translucent gate.
 52115 | Elf:2    | Found a runed translucent gate.
 52115 | Elf:2    | Found a runed translucent gate.
 52525 | Elf:3    | Entered Level 3 of the Elven Halls
 52552 | Elf:3    | Noticed Donald
 52563 | Elf:3    | Cast into level 2 of the Abyss (Donald)
 52608 | Elf:3    | Escaped the Abyss
 52611 | Elf:3    | Killed Donald
 53020 | Elf:2    | Found an ancient bone altar of Kikubaaqudgha.
 53125 | Elf:3    | Found Tevonol's Jewellery Shop.
 53549 | Depths:1 | Entered Level 1 of the Depths
 53733 | Depths:1 | You are sucked into a shaft and drop 1 floor!
 53733 | Depths:2 | Found a gateway to Hell.
 53982 | Depths:1 | You are sucked into a shaft and drop 1 floor!
 54687 | Depths:1 | Reached skill level 18 in Unarmed Combat
 54828 | Depths:1 | Found a stormy altar of Qazlal.
 54871 | Depths:1 | Found a runed translucent gate.
 54871 | Depths:1 | Found a runed translucent gate.
 54872 | Depths:1 | Found a runed translucent gate.
 54874 | Depths:1 | Noticed Polaczum's ghost (adept TrMo)
 54902 | Depths:1 | Found Mantal's Book Emporium.
 54903 | Depths:1 | Found Ciff's Jewellery Shop.
 54904 | Depths:1 | Found Folacwyd's Book Emporium.
 54917 | Depths:1 | Bought the ring "Bidiycs" {Will++ rCorr Dex+3 Stlth+} for
                  | 667 gold pieces
 54917 | Depths:1 | Bought a ring of protection from fire for 375 gold pieces
 55243 | Depths:1 | Noticed a golden dragon
 55252 | Depths:1 | Killed a golden dragon
 55257 | Depths:1 | Identified the +8 scimitar "Iqysch" {venom, SInv}
 55687 | Vaults:1 | Entered Level 1 of the Vaults
 55734 | Vaults:1 | Reached XP level 22. HP: 162/162 MP: 32/32
 57114 | Vaults:1 | Found Hitsoc's Distillery.
 57151 | Vaults:1 | Bought a potion of cancellation for 80 gold pieces
 57151 | Vaults:1 | Bought a potion of haste for 100 gold pieces
 57151 | Vaults:1 | Bought a potion of invisibility for 80 gold pieces
 57839 | Vaults:2 | Reached skill level 19 in Unarmed Combat
 58266 | Vaults:2 | Found Leggilea's Magic Scroll Shoppe.
 58374 | Vaults:2 | Bought a scroll of teleportation for 45 gold pieces
 58374 | Vaults:2 | Bought a scroll of blinking for 112 gold pieces
 58728 | Vaults:2 | Acquired 1110 gold pieces
 59175 | Vaults:2 | Reached XP level 23. HP: 171/171 MP: 31/36
 59300 | Vaults:2 | Found a staircase to the Crypt.
 59635 | Vaults:3 | Reached skill level 10 in Spellcasting
 60587 | Vaults:3 | You are sucked into a shaft and drop 1 floor!
 60604 | Vaults:4 | Reached skill level 20 in Unarmed Combat
 61405 | Vaults:4 | Noticed Mara
 61412 | Vaults:4 | Noticed ABBCCCDDDD's illusion
 61416 | Vaults:4 | Killed Mara
 62198 | Vaults:4 | Found a runed translucent gate.
 62198 | Vaults:4 | Found a runed translucent gate.
 62198 | Vaults:4 | Found an ancient bone altar of Kikubaaqudgha.
 62198 | Vaults:4 | Found a runed translucent gate.
 62198 | Vaults:4 | Noticed corvin's ghost (veteran TrBe)
 62198 | Vaults:4 | Noticed an ancient lich
 62199 | Vaults:4 | Noticed howech's ghost (veteran MiGl)
 62447 | Vaults:4 | Reached XP level 24. HP: 179/179 MP: 32/38
 62821 | Vaults:4 | Identified the +1 robe of the Eight Cities {Drain rF+ Int+2
                  | Archmagi}
 62829 | Vaults:4 | Killed an ancient lich
 63302 | Vaults:4 | Killed corvin's ghost
 63436 | Vaults:4 | Identified the ring "Tewoats" {Fly rPois rC- Int+4}
 63519 | Vaults:4 | Killed howech's ghost
 64266 | Crypt:1  | Entered Level 1 of the Crypt
 64319 | Vaults:2 | Reached skill level 21 in Unarmed Combat
 64852 | Depths:2 | Found a one-way gate leading to the halls of Pandemonium.
 65148 | Depths:2 | Noticed a dread lich
 65173 | Depths:2 | Killed a dread lich
 65317 | Depths:2 | Found a gateway to a ziggurat.
 66785 | Depths:3 | Reached skill level 22 in Unarmed Combat
 67192 | Depths:3 | Reached XP level 25. HP: 189/189 MP: 34/39
 67588 | Depths:3 | Acquired the +0 hat "Tosm" {rPois rN+}
 68109 | Depths:4 | Found a one-way gate to the infinite horrors of the Abyss.
 68854 | Depths:4 | Reached skill level 23 in Unarmed Combat
 69148 | Depths:4 | Reached XP level 26. HP: 196/196 MP: 39/39
 69214 | Depths:5 | Entered Level 5 of the Depths
 69930 | Depths:5 | Found a broken altar of Ashenzari.
 70638 | Depths:5 | Killed from afar by a storm dragon

Table legend: (Time is in decaauts)
 A = Elapsed time spent in this place.
 B = Non-inter-level travel time spent in this place.
 C = Inter-level travel time spent in this place.
 D = Time resting spent in this place.
 E = Time spent auto-exploring this place.
 F = Levels seen in this place.
 G = Mean time per level.
                   A        B        C        D        E       F      G
               +--------+--------+--------+--------+--------+-----+--------+
         Total |  76777 |  70602 |   6175 |  13620 |  39269 |  51 | 1505.4 |
       Dungeon |  23097 |  19732 |   3365 |   2460 |  10817 |  15 | 1539.8 |
          Lair |   9845 |   8649 |   1196 |    867 |   5430 |   6 | 1640.8 |
         Swamp |   6758 |   6518 |    240 |   1914 |   3390 |   4 | 1689.5 |
     Snake Pit |   9069 |   8712 |    357 |   2772 |   4069 |   4 | 2267.2 |
  Orcish Mines |   2146 |   1876 |    270 |    141 |   1104 |   2 | 1073.0 |
   Elven Halls |   3959 |   3746 |    213 |    815 |   2302 |   3 | 1319.7 |
        Vaults |   9793 |   9457 |    336 |   1847 |   5889 |   4 | 2448.2 |
         Crypt |    156 |    138 |     18 |      0 |     65 |   1 |  156.0 |
        Depths |   9453 |   9277 |    176 |   1810 |   5727 |   5 | 1890.6 |
         Abyss |    808 |    808 |      0 |    189 |    226 |   4 |  202.0 |
        Bazaar |    223 |    223 |      0 |      0 |    126 |   2 |  111.5 |
      Ice Cave |   1467 |   1467 |      0 |    802 |    120 |   1 | 1467.0 |
               +--------+--------+--------+--------+--------+-----+--------+

Top non-repeatable levels by time:
 Snake:3: 3896 daAuts
    D:11: 3539 daAuts
Vaults:4: 3213 daAuts
 Swamp:4: 3015 daAuts
 Snake:4: 2701 daAuts
  Lair:4: 2582 daAuts
Depths:1: 2509 daAuts
Vaults:2: 2302 daAuts
Vaults:1: 2291 daAuts
Depths:2: 2171 daAuts
Vaults:3: 1986 daAuts
Depths:4: 1976 daAuts
  Lair:6: 1961 daAuts
    D:14: 1905 daAuts
   Elf:1: 1877 daAuts

Table legend:
 A = Kills in this place as a percentage of kills in entire the game.
 B = Kills by you in this place as a percentage of kills by you in the entire game.
 C = Kills by friends in this place as a percentage of kills by friends in the entire game.
 D = Other kills in this place as a percentage of other kills in the entire game.
 E = Experience gained in this place as a percentage of experience gained in the entire game.
 F = Experience gained in this place divided by the number of levels of this place that you have seen.
                   A       B       C       D       E      F
               +-------+-------+-------+-------+-------+----------------------
         Total | 100.0 | 100.0 | 100.0 | 100.0 | 100.0 | 21567.8
       Dungeon |  26.8 |  26.7 |  14.3 |  42.9 |  11.6 | 8513.9
          Lair |  14.2 |  13.8 |  64.3 |  21.4 |   6.7 | 12237.5
         Swamp |   6.9 |   7.1 |   0.0 |   0.0 |   8.5 | 23355.0
     Snake Pit |   9.4 |   9.4 |   7.1 |  10.7 |  10.4 | 28677.0
  Orcish Mines |   6.1 |   6.1 |   0.0 |   3.6 |   1.2 | 6728.5
   Elven Halls |   4.2 |   4.2 |  14.3 |   3.6 |   5.3 | 19516.3
        Vaults |  15.7 |  16.0 |   0.0 |   0.0 |  25.4 | 69733.0
         Crypt |   0.2 |   0.2 |   0.0 |   0.0 |   0.4 | 4268.0
        Depths |  12.4 |  12.5 |   0.0 |   7.1 |  26.2 | 57721.6
         Abyss |   1.9 |   1.9 |   0.0 |   0.0 |   1.9 | 5137.0
      Ice Cave |   2.2 |   2.1 |   0.0 |  10.7 |   2.4 | 26335.0
               +-------+-------+-------+-------+-------+----------------------

Action                   |  1- 3 |  4- 6 |  7- 9 | 10-12 | 13-15 | 16-18 | 19-21 | 22-24 | 25-27 || total
-------------------------+-------+-------+-------+-------+-------+-------+-------+-------+-------++-------
Melee: Unarmed           |    95 |   141 |   348 |   461 |   924 |   999 |  1077 |  1108 |   317 ||  5470
       Constrict         |    25 |    40 |    76 |    51 |   130 |    96 |   150 |   131 |    35 ||   734
       Tentacles         |    12 |    25 |    85 |    90 |   128 |   149 |   187 |   224 |    57 ||   957
       Punch             |     2 |     3 |    19 |    26 |    75 |   104 |   138 |   186 |    55 ||   608
Throw: Dart              |       |    16 |    67 |    46 |    29 |     4 |     8 |       |       ||   170
       Throwing net      |       |       |     1 |       |       |       |       |       |       ||     1
 Cast: Blade Hands       |       |       |       |    31 |   121 |       |       |       |       ||   152
       Statue Form       |       |       |       |       |     3 |    77 |   115 |    77 |    34 ||   306
       Ozocubu's Refrige |       |       |       |       |       |       |       |     4 |     4 ||     8
       Petrify           |       |       |       |       |       |       |       |     1 |       ||     1
Invok: Depart the Abyss  |     1 |       |       |       |       |       |       |       |       ||     1
       Banish            |       |       |       |    12 |    22 |     3 |       |       |       ||    37
       Bend Space        |       |       |       |       |       |     1 |       |       |       ||     1
 Abil: End Transformatio |       |       |       |       |       |     3 |     1 |       |       ||     4
Evoke: Wand              |       |       |       |     5 |    26 |    13 |     6 |     5 |       ||    55
       Condenser vane    |       |       |       |       |     4 |     4 |     4 |     3 |       ||    15
       Lightning rod     |       |       |       |       |       |     2 |       |       |       ||     2
       Phantom mirror    |       |       |       |       |       |       |       |     1 |       ||     1
  Use: Potion            |       |     2 |       |     1 |     1 |     7 |     3 |     2 |     1 ||    17
       Scroll            |       |       |     9 |     7 |    15 |    12 |     6 |     2 |     2 ||    53
 Stab: Sleeping          |     3 |     6 |     3 |     7 |     9 |     9 |    24 |    10 |     5 ||    76
       Distracted        |       |       |     1 |       |     6 |     2 |     4 |     3 |     1 ||    17
       Paralysed         |       |       |       |       |     4 |       |       |     2 |       ||     6
       Confused          |       |       |       |       |     2 |     1 |       |       |       ||     3
       Petrified         |       |       |       |       |       |     5 |       |       |       ||     5
       Held in net/web   |       |       |       |       |       |       |       |     1 |       ||     1
Armor: Skin              |     6 |    10 |     4 |    29 |    27 |   372 |   314 |   522 |   147 ||  1431
Dodge: Dodged            |    64 |   127 |   244 |   293 |   683 |   923 |   689 |   697 |   130 ||  3850
Block: Buckler           |       |       |       |       |    31 |   227 |       |       |       ||   258
       Reflection        |       |       |       |       |       |   114 |    52 |    32 |     1 ||   199
       Kite shield       |       |       |       |       |       |   649 |   986 |  1138 |   285 ||  3058

Vanquished Creatures
  A dread lich (Depths:2)
  An ancient lich (Vaults:4)
  Mara (Vaults:4)
  A shard shrike (IceCv)
  The ghost of corvin the Brawler, a veteran TrBe of Trog (Vaults:4)
  The ghost of howech the Severer, a veteran MiGl of the Shining One (Vaults:4)
  Vashnia (Snake:3)
  3 golden dragons
  A profane servitor (Abyss:3)
  2 tentacled monstrosities (Depths:5)
  8 liches
  3 quicksilver dragons
  A sphinx (Vaults:4)
  An ancient champion (Crypt:1)
  A tengu reaver (D:11)
  Kirke (D:15)
  A shadow dragon (Depths:5)
  3 draconian monks (Depths:5)
  Donald (Elf:3)
  3 storm dragons
  3 nagarajas
  4 fenstrider witches (Swamp:4)
  2 fire giants
  5 frost giants
  2 deep elf sorcerers
  Louise (Snake:4)
  A balrug (Depths:3)
  11 vault wardens
  An emperor scorpion (D:15)
  Aizul (Snake:4)
  18 ironbound preservers
  A ghoul (Swamp:4)
  A spriggan defender (Depths:1)
  A draconian annihilator (Depths:5)
  2 war gargoyles
  A reaper (Depths:3)
  16 stone giants
  27 very ugly things
  5 green draconians
  4 vampire knights
  A deep elf demonologist (Depths:3)
  3 red draconians (Depths:5)
  3 white draconians
  A purple draconian (Depths:5)
  2 entropy weavers
  5 bunyips
  An eidolon (Vaults:2)
  3 spark wasps
  3 deep elf death magi
  8 eleionomae
  11 dire elephants
  8 ettins
  2 green deaths
  A merfolk impaler (Abyss:3)
  5 great orbs of eyes
  Josephine (D:12)
  17 fire dragons
  5 blizzard demons
  A jiangshi (Vaults:2)
  5 shambling mangroves
  2 deep elf high priests
  4 yaktaur captains
  The ghost of hurston the Blocker, a journeyman GrFi of Gozag (Lair:2)
  4 salamander tyrants
  7 rakshasas
  8 ironbound thunderhulks
  5 vault guards
  11 hydras
  9 ice dragons
  A hell beast (Depths:3)
  5 boulder beetles
  A peacekeeper (Vaults:3)
  14 centaur warriors
  A ghost crab (Swamp:3)
  8 ironbound frosthearts
  A death knight (D:11)
  15 naga warriors
  6 spriggan air magi
  7 alligators
  3 ogre magi
  4 catoblepae
  10 two-headed ogres
  9 anacondas
  A two-headed ogre (shapeshifter) (D:13)
  5 death yaks
  6 deep troll shamans
  11 tengu warriors
  A death yak (shapeshifter) (Depths:3)
  12 dancing weapons
  10 ironbound beastmasters
  6 spriggan berserkers
  13 deep troll earth magi
  4 shock serpents
  8 orc high priests
  7 soul eaters
  19 spriggans
  12 naga sharpshooters
  5 hell knights
  13 deep elf knights
  13 iron trolls
  4 skeletal warriors
  7 salamander mystics
  A sixfirhy (Abyss:3)
  A shadow wraith (D:14)
  5 goliath frogs
  A death drake (Swamp:4)
  A glowing orange brain (shapeshifter) (D:14)
  2 flayed ghosts
  4 swamp dragons
  3 starcursed masses (Abyss:3)
  3 glowing orange brains
  7 phantasmal warriors
  7 bog bodies
  An orange crystal statue (D:9)
  87 deep trolls
  8 harpies
  12 deep elf archers
  20 ironbound convokers
  11 spriggan druids
  12 naga ritualists
  15 wizards
  8 lindwurms
  A mana viper (shapeshifter) (Depths:1)
  5 necromancers
  22 deep elf zephyrmancers
  2 oklob plants (Lair:4)
  10 orc knights
  21 deep elf pyromancers
  9 manticores
  67 ugly things
  12 cyclopes
  12 mana vipers
  An orb spider (Abyss:3)
  31 salamanders
  3 orc sorcerers
  6 will-o-the-wisps
  15 elephants
  A frost giant skeleton (Crypt:1)
  Maurice (D:11)
  19 vault sentinels
  9 guardian serpents
  18 naga magi
  3 smoke demons (Abyss:3)
  3 torpor snails
  28 black mambas
  3 gargoyles
  14 cane toads
  15 komodo dragons
  20 rime drakes
  An orange demon (Depths:3)
  4 unseen horrors
  25 yaktaurs
  A freezing wraith (D:14)
  2 kobold demonologists
  3 tengu conjurers
  A hellwing (Swamp:4)
  A bloated husk (Swamp:2)
  23 hornets
  A queen bee (Lair:1)
  9 trolls
  20 polar bears (IceCv)
  2 jumping spiders (shapeshifter) (D:14)
  8 tyrant leeches
  40 slime creatures
  6 dream sheep (Lair:5)
  38 blink frogs
  A raiju (shapeshifter) (D:14)
  A dream sheep (shapeshifter) (Depths:4)
  9 raiju (Abyss:3)
  2 meliai zombies (D:11)
  Sigmund (D:3)
  A centaur simulacrum (D:14)
  5 wraiths
  40 yaks
  2 air elementals (Elf:2)
  A ynoxinul (Abyss:3)
  A redback (shapeshifter) (Elf:1)
  2 large abominations
  A shadow (D:11)
  3 vampires
  2 redbacks (Vaults:3)
  5 water elementals
  27 humans
  2 fire bats (Depths:2)
  A hog (shapeshifter) (D:11)
  3 chaos spawn
  5 wyverns
  3 hogs (D:15)
  2 humans (shapeshifter)
  10 basilisks
  9 wargs
  48 nagas
  15 vampire mosquitoes
  Edmund (D:6)
  A swamp worm (shapeshifter) (Depths:4)
  4 acid dragons (D:11)
  13 swamp worms
  15 water moccasins
  2 hell hounds (Lair:6)
  A floating eye (Depths:2)
  Duvessa (D:6)
  6 swamp drakes
  31 orc warriors
  7 black bears
  17 ogres
  12 wolves (Lair:6)
  3 boggarts (Lair:6)
  4 centaurs
  A centaur (shapeshifter) (Depths:3)
  A phantom (D:4)
  3 small abominations (Abyss:3)
  7 bullfrogs
  3 kobold brigands
  3 gnoll sergeants
  An earth elemental (Elf:3)
  Dowan (D:6)
  A cane toad simulacrum (Lair:2)
  A water moccasin zombie (D:6)
  5 scorpions
  A blink frog simulacrum (Lair:2)
  A water moccasin skeleton (D:4)
  29 killer bees
  An elephant simulacrum (Lair:2)
  5 wights (D:6)
  4 howler monkeys
  6 electric eels
  4 bullfrog zombies
  5 hounds
  12 centaur zombies
  3 jellies
  2 bullfrog skeletons (D:7)
  46 orc priests
  2 water moccasin simulacra (Lair:2)
  Ijyb (D:3)
  13 iguanas
  A yak simulacrum (Lair:2)
  6 lightning spires (Abyss:3)
  24 orc wizards
  7 hell rats (Lair:6)
  A killer bee zombie (D:9)
  A bullfrog simulacrum (Lair:2)
  Robin (D:3)
  23 gnolls
  A howler monkey skeleton (D:6)
  10 adders
  A shadow imp (Abyss:3)
  2 white imps
  An ufetubus (Abyss:3)
  2 worms (D:4)
  2 dart slugs
  110 orcs
  9 ball pythons
  7 endoplasms
  5 giant cockroaches
  39 goblins
  31 hobgoblins
  7 jackals
  6 quokkas
  6 bats
  23 frilled lizards
  9 kobolds
  6 rats
2090 creatures vanquished.

Vanquished Creatures (collateral kills)
  A boulder beetle (Lair:6)
  A centaur warrior (D:14)
  2 dancing weapons (Elf:1)
  A cane toad (Lair:6)
  A blink frog (Lair:6)
  A centaur simulacrum (D:14)
  A spriggan (Lair:6)
  A naga (Snake:4)
  A black bear (Lair:6)
  A boggart (Lair:6)
  3 wolves (Lair:6)
14 creatures vanquished.

Vanquished Creatures (others)
  A nagaraja (Snake:4)
  A rakshasa (Depths:1)
  A naga warrior (Snake:4)
  A salamander tyrant (Snake:4)
  A centaur warrior (D:14)
  An anaconda (Snake:4)
  A wizard (Depths:1)
  A deep elf pyromancer (Elf:1)
  A deep elf zephyrmancer (Elf:1)
  An ugly thing (IceCv)
  2 rime drakes (IceCv)
  A human (D:15)
  A warg (Orc:2)
  An orc warrior (Orc:2)
  An ogre (D:15)
  A starcursed mass (Abyss:3)
  An orc wizard (Orc:2)
  An orc (Orc:1)
  28 foxfires
  72 fungi
  114 plants
  2 starspawn tentacles (Abyss:1)
235 creatures vanquished.

Grand Total: 2339 creatures vanquished
